 Dungeon Crawl Stone Soup version 0.31-a0-588-g14bffd4ff3 (webtiles) character file.

Game seed: 2358342511583177191

37 MacCMillion the Changeling (level 3, -4/33 HPs)
             Began as an Ogre Shapeshifter on Aug 19, 2023.
             Slain by Robin
             ... wielding a +2 mace of protection
              (6 damage)
             ... on level 1 of the Dungeon.
             The game lasted 00:01:44 (994 turns).

MacCMillion the Changeling (Ogre Shapeshifter)       Turns: 994, Time: 00:01:44

Health: -4/33      AC:  3    Str: 21    XL:     3   Next: 39%
Magic:  3/3        EV:  9    Int:  9    God:
Gold:   66         SH:  0    Dex:  9    Spells: 2/2 levels left

rFire   . .          .
                       - Unarmed
rCold   . . .        (no shield)
rNeg    . . .        a - +0 animal skin
rPois   .            (helmet currently unavailable)
rElec   .            (cloak currently unavailable)
rCorr   .            (gloves unavailable)
SInv    .            (boots unavailable)
Will    .....        (no amulet)
Stlth   +            (no ring)
HPRegen 0.25/turn    (no ring)
MPRegen 0.08/turn

%: no passive effects
@: beast-form
A: beast (slay +2), large, unfitting armour, tough skin 1
a: Begin Untransformation


You were on level 1 of the Dungeon.
You were a hulking beast.
You visited 1 branch of the dungeon, and saw 2 of its levels.

You collected 66 gold pieces.

Inventory:

Missiles
 h - 9 poisoned darts
 k - 3 boomerangs
Armour
 a - a +0 animal skin (worn)
Talismans
 c - a beast talisman (active)
 d - a flux talisman
Scrolls
 f - 2 scrolls of immolation {unknown}
 g - a scroll of poison {unknown}
 i - 3 scrolls of amnesia {unknown}
 m - 3 scrolls of butterflies {unknown}
Potions
 b - a potion of lignification
 e - a potion of degeneration {unknown}
 j - 2 potions of heal wounds {unknown}
 l - a potion of curing {unknown}


   Skills:
 - Level 1.3 Fighting
 - Level 1.7 Dodging
 - Level 2.6 Unarmed Combat
 + Level 4.0 Shapeshifting


You had 2 spell levels left.
You didn't know any spells.
Your spell library was empty.

Dungeon Overview and Level Annotations

Branches:
Dungeon (2/15)

Altars:

Annotations:
D:1 Robin
D:2 Terence


Innate Abilities, Weirdness & Mutations

You are a hulking beast.
Your limbs bulge with bestial killing power. (Slay +2)
You are too large for most types of armour.
You have tough skin. (AC +1)


Message History

You hit the goblin.
You kill the goblin!
A goblin comes into view. It is wielding a +0 club.
Robin roars a battlecry!
You hear an angry hiss.
Robin roars a battlecry!
Robin throws the goblin at you!
You hit the goblin.
You kill the goblin!
There is a stone staircase leading up here.
Robin says, "We wiped out the hill dwarves - you're next!"
Robin hits you with a +2 mace of protection!
You climb upwards.
There is a stone staircase leading down here.
You barely miss Robin.
Robin hits you with a +2 mace of protection.
You barely miss Robin.
Robin hits you with a +2 mace of protection.
You hit Robin.
Robin is lightly wounded.
Robin hits you with a +2 mace of protection.
You hit Robin but do no damage.
Robin is lightly wounded.
Robin hits you with a +2 mace of protection.
* * * LOW HITPOINT WARNING * * *
You hit Robin.
Robin is moderately wounded.
Robin hits you but does no damage.
You hit Robin.
Robin is heavily wounded.
Robin hits you with a +2 mace of protection.
* * * LOW HITPOINT WARNING * * *
You hit Robin but do no damage.
Robin is heavily wounded.
Unknown command.
You barely miss Robin.
Robin is heavily wounded.
Robin hits you with a +2 mace of protection.
You die...
Robin calls out, "Let's celebrate!
Time for a feast!"

#######......#..###
############....#
.....########..########
####......# #..)......#
######.###..######.#
#...>..######.# ###
###...........# ..#
##.....g.#### #.#
#.....h..# #.#
#.##.....# #.#
#.#......# #.###
#........# ....#
#.##.....# ....#
#.######## ....# #.#
....# #####.#### ....#
#.....().#


You could see Robin.

Vanquished Creatures
  An adder (D:2)
  3 bats
  An endoplasm (D:1)
  5 goblins (D:2)
  2 hobgoblins
  2 quokkas (D:1)
  5 ball pythons
  4 frilled lizards
  3 kobolds (D:1)
  2 rats
28 creatures vanquished.

Notes
Turn   | Place    | Note
-------+----------+-------------------------------------------
     0 | D:1      | MacCMillion the Ogre Shapeshifter began the quest for the
                  | Orb.
     0 | D:1      | Reached XP level 1. HP: 19/19 MP: 1/1
   249 | D:1      | Reached XP level 2. HP: 27/27 MP: 2/2
   553 | D:2      | Noticed Terence
   627 | D:2      | Reached XP level 3. HP: 26/33 MP: 3/3
   833 | D:2      | Reached skill level 4 in Shapeshifting
   965 | D:2      | Noticed Robin
   992 | D:1      | HP: 1/33 [Robin/+2 mace of protection (6)]
   994 | D:1      | Slain by Robin

Illustrated notes

Levels and vault maps discovered:
D:1:      minmay_arrival_solitary_statue, layout_rooms
D:2:      cheibrodos_helix_gallery, layout_basic, uniq_robin, uniq_terence

Skill      XL: |  1  2  3 |
---------------+----------+-----
Shapeshifting  | 4 |  4.0
Fighting       | |  1.3
Dodging        | |  1.7
Unarmed Combat | |  2.6

Action                     || total
---------------------------++-------
  Melee: Unarmed           ||    70
         Punch             ||     1
   Stab: Sleeping          ||     1
 Armour: Animal skin       ||    17
  Dodge: Dodged            ||    28

Table legend: (Time is in decaauts)
 A = Elapsed time spent in this place.
 B = Non-inter-level travel time spent in this place.
 C = Inter-level travel time spent in this place.
 D = Time resting spent in this place.
 E = Time spent auto-exploring this place.
 F = Levels seen in this place.
 G = Mean time per level.
                   A        B        C        D        E       F      G
               +--------+--------+--------+--------+--------+-----+--------+
         Total |    991 |    924 |     67 |    252 |    473 |   2 |  495.5 |
       Dungeon |    991 |    924 |     67 |    252 |    473 |   2 |  495.5 |
               +--------+--------+--------+--------+--------+-----+--------+

Top non-repeatable levels by time:
     D:1: 742 daAuts
     D:2: 249 daAuts
